AoeStats
← Iceman

Arabia

509592514Analyzed
1v1 RM · 6d ago on Sep 27, 2026· 47m 59s· 2 players
Game mode
Random Map
Map size
Tiny (2 player)
Population
200
Speed
Normal
Resources
Standard
Victory
Conquest
Starting age
Dark Age
Ending age
Imperial Age
RankedLock teamsTeams togetherTeam positionsShared explorationLock speedFull tech treeHidden civsTurbo modeCheats
Victory
Defeat
🇩🇪 Danes · Germany
1102
+16
🇧🇷 Khmer · Brazil
1101
-16
Iceman
2:29 Loom
9:24 Feudal Age
17:53 Bloodlines
24:30 Double-Bit Axe
25:34 Man-at-Arms
32:46 Castle Age
32:09 Horse Collar
32:56 Fletching
33:25 Scale Barding Armor
33:35 Forging
34:35 Long Swordsman
37:05 Husbandry
UmBerto
9:20 Loom
14:44 Feudal Age
19:52 Castle Age
21:44 Squires
22:05 Scale Mail Armor
23:03 Gambesons
27:35 Arson
29:35 Town Watch
29:52 Double-Bit Axe
31:11 Gold Mining
33:22 Chain Mail Armor
34:13 Forging
42:25 Gold Shaft Mining
41:41 Stone Mining
46:25 Hamask
Connection lost

Rejoining the realm…

Still unreachable

The connection could not be restored.

Session expired

The server has moved on; the page needs a fresh start.